 Dungeon Crawl Stone Soup version 0.31-a0-854-g362426d53f (webtiles) character file.

Game seed: 12901933520804721715

38 Kurtz the Sneak (level 3, -4/34 HPs)
             Began as a Naga Delver on Oct 8, 2023.
             Shot with an arrow by a centaur (13 damage)
             ... on level 5 of the Dungeon.
             The game lasted 00:00:15 (107 turns).

Kurtz the Sneak (Naga Delver)                        Turns: 107, Time: 00:00:16

Health: -4/34      AC:  2    Str: 16    XL:     3   Next: 43%
Magic:  3/3        EV:  9    Int: 10    God:
Gold:   9          SH:  0    Dex: 12    Spells: 2/2 levels left

rFire   . . .        a - +0 hand axe
rCold   . . .        (no shield)
rNeg    . . .        b - +0 leather armour
rPois   +            (no helmet)
rElec   .            (no cloak)
rCorr   .            (no gloves)
SInv    +            (no barding)
Will    .....        (no amulet)
Stlth   +++          (no ring)
HPRegen 0.25/turn    (no ring)
MPRegen 0.08/turn

%: no passive effects
@: very slow
A: AC +1, large, see invisible, deformed body, poison resistance, slowness 2,
spit poison 1, naga tail 1
a: Spit Poison


You were on level 5 of the Dungeon.
You visited 2 branches of the dungeon, and saw 2 of its levels.

You collected 9 gold pieces.

Inventory:

Hand Weapons
 a - a +0 hand axe (weapon)
Armour
 b - a +0 leather armour (worn)
Wands
 g - a wand of digging (3)
Scrolls
 c - a scroll of fog
 d - a scroll of revelation
 e - a scroll of fear
Potions
 f - a potion of haste


   Skills:
 - Level 3.0 Fighting
 * Level 3.7 Axes
 - Level 1.5 Dodging
 - Level 7.2 Stealth


You had 2 spell levels left.
You didn't know any spells.
Your spell library was empty.

Dungeon Overview and Level Annotations

Branches:
Dungeon (5/15)             Temple (1/1) D:5

Altars:
Ashenzari
Cheibriados
Dithmenos
Fedhas
Kikubaaqudgha
Okawaru
Ru
Vehumet
Xom
Yredelemnul
The Shining One


Innate Abilities, Weirdness & Mutations

Your serpentine skin is tough. (AC +1)
You have supernaturally acute eyesight. (SInv)
Armour fits poorly on your strangely shaped body.
Your system is resistant to poisons. (rPois)
You cover ground very slowly.
You can spit poison.
You have a snake-like lower body.


Message History

You slash the howler monkey!
The howler monkey is moderately wounded.
You have got your breath back.
The howler monkey hits you.
You hit the howler monkey.
The howler monkey is severely wounded.
The howler monkey hoots and howls with incredible vigour!
The howler monkey barely misses you.
You hear a shout!
You hear an angry growl.
You hear a shout!
You hear an angry hiss. x3; You hear a shout!
You hear an angry growl.
You hear a shout! x2; You hear a bellow!
You hear a shout!
Aiming: Spit Poison (3% risk of failure)
Press: ? - help, Shift-Dir - straight line, f/p - howler monkey
Aim: a howler monkey (severely wounded, 48% to hit)
The splash of poison hits the howler monkey.
The howler monkey is poisoned.
The howler monkey is almost dead.
The howler monkey hoots and howls with incredible vigour!
You hear an angry hiss.
You hear an angry growl.
You hear a howl!
You barely miss the howler monkey.
The howler monkey is almost dead.
You kill the howler monkey!
Your Axes skill increases to level 3!
You have reached level 2!
You have reached level 3!
Your experience leads to an increase in your attributes!
Increase (S)trength, (I)ntelligence, or (D)exterity?
You feel stronger. x2; Your skin feels tougher.
You start resting.
Something unseen opens the door.
You start resting.
A centaur comes into view.
The centaur wields a +0 orcbow.
The centaur shoots an arrow.
The arrow hits you.
You have got your breath back.
An adder comes into view.
The centaur shoots an arrow.
The arrow hits you!
* * * LOW HITPOINT WARNING * * *
The centaur shoots an arrow.
The arrow hits you!
You die...

. ... # .. ..
##(##... ## ....#.#
.## # ......#.#
..#.# .⌠..#.#.#
..c.# ....#.#.#
######..# ......#.#
#...@..# ....#<#.#
##.###### .⌠..###.#
##...##
......#.###.....##
....#...##.......##
##.####.>.........#
...# ####.......##
).#########.....####
#.# #..............#


You could see a centaur.

Vanquished Creatures
  A howler monkey (D:5)
1 creature vanquished.

Notes
Turn   | Place    | Note
-------+----------+-------------------------------------------
     0 | D:5      | Kurtz the Naga Delver began the quest for the Orb.
     0 | D:5      | Reached XP level 1. HP: 21/21 MP: 1/1
     1 | D:5      | Found a staircase to the Ecumenical Temple.
    10 | Temple   | Entered the Ecumenical Temple
    95 | D:5      | Noticed a howler monkey
   103 | D:5      | Killed a howler monkey
   104 | D:5      | Reached XP level 2. HP: 18/28 MP: 2/2
   104 | D:5      | Reached XP level 3. HP: 22/34 MP: 3/3
   106 | D:5      | Noticed a centaur
   107 | D:5      | Shot with an arrow by a centaur

Illustrated notes

Levels and vault maps discovered:
D:5:      minmay_octagon_keep, layout_loops_ring, jmf_multi_god_temple2,
          minmay_temple_entry_large_hall
Temple:   chequers_temple_sunken

Skill      XL: |  1 |
---------------+----+-----
Axes           | 3 |  3.7
Fighting       | |  3.0
Dodging        | |  1.5
Stealth        | |  7.2

Action                     || total
---------------------------++-------
  Melee: Hand axe          ||     6
Ability: Spit Poison       ||     2
 Armour: Leather armour    ||     6
  Dodge: Dodged            ||     4

Table legend: (Time is in decaauts)
 A = Elapsed time spent in this place.
 B = Non-inter-level travel time spent in this place.
 C = Inter-level travel time spent in this place.
 D = Time resting spent in this place.
 E = Time spent auto-exploring this place.
 F = Levels seen in this place.
 G = Mean time per level.
                   A        B        C        D        E       F      G
               +--------+--------+--------+--------+--------+-----+--------+
         Total |    144 |    113 |     31 |      2 |     55 |   2 |   72.0 |
       Dungeon |     84 |     83 |      1 |      2 |     55 |   1 |   84.0 |
        Temple |     60 |     30 |     30 |      0 |      0 |   1 |   60.0 |
               +--------+--------+--------+--------+--------+-----+--------+

Top non-repeatable levels by time:
     D:5: 84 daAuts
  Temple: 60 daAuts
